 Dungeon Crawl Stone Soup version 0.23.2-1-ga50397a (webtiles) character file.

Game seed: 3111103119005233476

126 funkygono the Skirmisher (level 4, -1/42 HPs)
             Began as a Minotaur Fighter on Apr 27, 2019.
             Slain by a kobold
             ... wielding a +0 short sword
              (4 damage)
             ... on level 3 of the Dungeon.
             The game lasted 00:04:35 (1762 turns).

funkygono the Skirmisher (Minotaur Fighter)         Turns: 1762, Time: 00:04:37

Health: -1/42      AC:  4    Str: 26    XL:     4   Next: 83%
Magic:  3/3        EV:  9    Int:  5    God:
Gold:   127        SH: 10    Dex: 10    Spells: 3/3 levels left

rFire    . . .     SeeInvis .   a - +0 flail
rCold    . . .     Gourm    .   c - +0 shield
rNeg     . . .     Faith    .   e - +1 leather armour {MR+}
rPois    .         Spirit   .   (helmet restricted)
rElec    .         Reflect  .   (no cloak)
rCorr    .         Harm     .   (no gloves)
MR       +....                  (no boots)
Stlth    +.........             (no amulet)
HPRegen  0.14/turn              (no ring)
MPRegen  0.08/turn              (no ring)

@: mighty
A: retaliatory headbutt, horns 2
a: no special abilities


You were on level 3 of the Dungeon.
You were not hungry.

You visited 1 branch of the dungeon, and saw 3 of its levels.

You collected 127 gold pieces.

Inventory:

Hand Weapons
 a - a +0 flail (weapon)
Missiles
 j - 11 bolts
 n - 20 sling bullets
Armour
 b - a +0 scale mail
 c - a +0 shield (worn)
 e - a +1 leather armour of magic resistance (worn)
 i - a +0 chain mail
Scrolls
 h - 2 scrolls of identify
 o - a scroll of magic mapping {unknown}
 p - a scroll of remove curse
 q - a scroll of blinking {unknown}
Potions
 g - a potion of cancellation
 k - 2 potions of berserk rage
 l - a potion of resistance
 r - 2 potions of heal wounds {unknown}
Comestibles
 f - 7 rations
 m - 10 chunks of flesh


   Skills:
 + Level 5.0 Fighting
 + Level 3.1 Maces & Flails
 + Level 4.1 Armour
 + Level 1.0 Dodging
 + Level 4.7 Shields


You had 3 spell levels left.
You didn't know any spells.
Your spell library was empty.

Dungeon Overview and Level Annotations

Branches:
Dungeon (3/15)

Altars:


Innate Abilities, Weirdness & Mutations

You reflexively headbutt those who attack you in melee.
You have a pair of horns on your head.


Message History

The leopard gecko is almost dead.
The leopard gecko barely misses you.
You closely miss the kobold. Your headbutt misses the kobold.
You block the kobold's attack. The leopard gecko bites you.
* * * LOW HITPOINT WARNING * * *
The leopard gecko barely misses you. You block the kobold's attack.
Your shield prevents you from hitting the kobold.
The leopard gecko closely misses you. You block the kobold's attack.
The leopard gecko completely misses you.
You see here a rat skeleton.
Things that are here:
a +0 hunting sling; 18 stones
Things that are here:
a stone; a rat skeleton You miss the kobold.
The kobold hits you with a +0 short sword.
* * * LOW HITPOINT WARNING * * *
You feel very mighty all of a sudden.
The kobold hits you with a +0 short sword.
You die...

#..#.#..#....##..#.
##.#.#..#....##..##
#..<...#........#
#..)##.##...###.#
#...##.##...###.#
#...#...........#
#...#############
#........#
#@#>.....#
#K#......#
#l#......#
###)#####+##
#...รท.##
#..###..## #.#
##..#.# #. #)...# #
#.....#


You could see a leopard gecko and a kobold.

Vanquished Creatures
  A worker ant (D:3)
  3 adders
  3 oozes (D:2)
  2 dart slugs
  3 leopard geckos
  4 orcs (D:3)
  5 bats
  3 giant cockroaches
  5 goblins
  8 hobgoblins
  5 kobolds
  2 frilled lizards
  5 rats
49 creatures vanquished.

Notes
Turn   | Place    | Note
-------+----------+-------------------------------------------
     0 | D:1      | funkygono the Minotaur Fighter began the quest for the Orb.
     0 | D:1      | Reached XP level 1. HP: 19/19 MP: 0/0
   310 | D:1      | Reached XP level 2. HP: 27/27 MP: 1/1
   695 | D:2      | Reached skill level 4 in Fighting
   716 | D:2      | Reached XP level 3. HP: 33/33 MP: 2/2
  1559 | D:3      | Reached XP level 4. HP: 29/41 MP: 3/3
  1710 | D:3      | Reached skill level 5 in Fighting
  1734 | D:3      | Reached skill level 1 in Dodging
  1762 | D:3      | Slain by a kobold

Skill      XL: |  1  2  3  4 |
---------------+-------------+-----
Shields        | 4 |  4.7
Armour         | 4 |  4.1
Fighting       | 4 5 |  5.0
Maces & Flails | 3 |  3.1
Dodging        | 1 |  1.0

Action                   |  1- 3 |  4- 6 || total
-------------------------+-------+-------++-------
Melee: Flail             |    72 |    41 ||   113
       Headbutt          |    17 |     7 ||    24
  Use: Scroll            |     7 |       ||     7
       Potion            |       |     1 ||     1
  Eat: Chunk             |     2 |     1 ||     3
Armor: Leather armour    |    15 |     5 ||    20
Dodge: Dodged            |    30 |    11 ||    41
Block: Shield            |    31 |    16 ||    47
